 Dungeon Crawl Stone Soup version 0.26.1-11-gd32895ea62 (webtiles) character file.

Game seed: 17243951593352705798

1528 MisterFreud the Grappler (level 8, 0/78 HPs)
             Began as a Troll Monk on June 28, 2021.
             Slain by a kobold
             ... wielding a +0 short sword
              (6 damage)
             ... on level 6 of the Dungeon.
             The game lasted 00:06:21 (4515 turns).

MisterFreud the Grappler (Troll Monk)               Turns: 4515, Time: 00:06:22

Health: 0/78       AC: -6    Str: 29    XL:     8   Next: 55%
Magic:  7/7        EV: 12    Int:  6    God:
Gold:   346        SH:  0    Dex: 14    Spells: 7/7 levels left

rFire    . . .     SeeInvis .     - Unarmed
rCold    . . .     Faith    +   (no shield)
rNeg     . . .     Spirit   .   p - +2 robe of Vehumet's Benevolence {Str+9}
rPois    .         Reflect  .   w - +2 hat
rElec    .         Harm     +   l - scarf {harm}
rCorr    .         Rampage  .   (gloves unavailable)
Will     +....                  (boots unavailable)
Stlth    +++.......             h - amulet of faith
HPRegen  0.63/turn              y - ring of willpower
MPRegen  0.10/turn              z - ring of stealth

@: corroded
A: large, unfitting armour, claws 3, regeneration 1, shaggy fur 1, tough skin 3
a: no special abilities


You were on level 6 of the Dungeon.
You visited 2 branches of the dungeon, and saw 7 of its levels.

You collected 346 gold pieces.

Inventory:

Missiles
 u - 7 boomerangs (quivered)
Armour
 a - a +0 robe
 l - a scarf of harm (worn)
 p - the +2 robe of Vehumet's Benevolence (worn) {Str+9}
   (You found it on level 4 of the Dungeon)

   It affects your strength (+9).
 t - a +0 tower shield
 w - a +2 hat (worn)
Jewellery
 h - an amulet of faith (around neck)
 y - a ring of willpower (left claw)
 z - a ring of stealth (right claw)
Wands
 v - a wand of paralysis (9)
Scrolls
 b - a scroll of enchant weapon {unknown}
 c - 12 scrolls of teleportation
 d - 6 scrolls of remove curse
 e - 4 scrolls of identify
 g - a scroll of fog {unknown}
 i - a scroll of blinking {unknown}
 m - a scroll of enchant armour {unknown}
 o - a scroll of noise {unknown}
 r - a scroll of immolation {unknown}
 x - 2 scrolls of amnesia {unknown}
Potions
 f - a potion of flight
 j - 2 potions of lignification
 k - a potion of degeneration
 n - a potion of mutation
 q - a potion of heal wounds
 s - a potion of curing


   Skills:
 - Level 4.0 Fighting
 + Level 3.3 Throwing
 - Level 4.0 Dodging
 - Level 1.0 Stealth
 + Level 3.1 Shields
 - Level 8.0 Unarmed Combat


You had 7 spell levels left.
You didn't know any spells.
Your spell library contained the following spells:

 Spells                   Type           Power        Failure   Level
 Animate Skeleton         Necr           0%           45%         1
 Apportation              Tloc           0%           45%         1
 Corona                   Hex            0%           45%         1
 Summon Small Mammal      Summ           0%           45%         1


Dungeon Overview and Level Annotations

Branches:
Dungeon (6/15)             Temple (1/1) D:4

Altars:
Dithmenos
Elyvilon
Fedhas
Hepliaklqana
Kikubaaqudgha
Makhleb
Sif Muna
Vehumet
Zin


Innate Abilities, Weirdness & Mutations

You are too large for most types of armour.
You have claws for hands.
Your natural rate of healing is unusually fast.
You are covered in fur. (AC +1)
You have extremely tough skin. (AC +3)


Message History

* * * LOW HITPOINT WARNING * * *
Unknown command.
Unknown command.
Unknown command.
Unknown command.
The kobold throws a stone.
The stone closely misses you.
The kobold throws a stone.
The stone closely misses you.
The kobold throws a stone.
The stone hits you but does no damage.
You see here a stone.
The kobold throws a stone.
The stone closely misses you.
You see here a stone.
You see here a stone.
You closely miss the kobold. The kobold barely misses you.
You claw the kobold!
You kill the kobold!
The kobold hits you with a +0 short sword!
* * * LOW HITPOINT WARNING * * *
You closely miss the kobold.
The kobold hits you with a +0 short sword.
You die...

###(..............
#..†(.............
#
##.(..............
#...............
#.....(....<....
#........(......
#.....(.).......
#...KK.(........
#.##@(..........
######(.........
###........
####..... #####


You could see 2 kobolds.

Vanquished Creatures
  Sigmund (D:4)
  Edmund (D:5)
  An ogre (D:5)
  2 centaurs (D:5)
  A big kobold (D:6)
  A bullfrog (D:6)
  2 scorpions (D:5)
  A howler monkey (D:3)
  2 jellies
  A centaur skeleton (D:6)
  4 orc priests
  3 hounds
  6 orc wizards
  3 worker ants
  A hound skeleton (D:4)
  A worker ant zombie (D:5)
  7 adders
  An ufetubus (D:5)
  An adder skeleton (D:4)
  6 leopard geckos
  21 orcs
  3 bats
  11 giant cockroaches
  5 goblins
  5 hobgoblins
  5 kobolds
  7 quokkas
  3 ball pythons
  A ball python skeleton (D:4)
  2 frilled lizards
  5 rats
  A butterfly (D:4)
115 creatures vanquished.

Vanquished Creatures (others)
  A bush (D:5)
1 creature vanquished.

Grand Total: 116 creatures vanquished

Notes
Turn   | Place    | Note
-------+----------+-------------------------------------------
     0 | D:1      | MisterFreud the Troll Monk began the quest for the Orb.
     0 | D:1      | Reached XP level 1. HP: 22/22 MP: 0/0
   644 | D:1      | Reached XP level 2. HP: 25/29 MP: 1/1
   888 | D:2      | Reached skill level 4 in Unarmed Combat
   987 | D:2      | Found a shimmering blue altar of Sif Muna.
  1048 | D:2      | Found a white marble altar of Elyvilon.
  1048 | D:2      | Found a burning altar of Makhleb.
  1084 | D:2      | Reached XP level 3. HP: 36/36 MP: 2/2
  1716 | D:3      | Reached skill level 5 in Unarmed Combat
  1716 | D:3      | Reached XP level 4. HP: 44/44 MP: 3/3
  1741 | D:3      | Found a hazy altar of Hepliaklqana.
  2079 | D:3      | Reached XP level 5. HP: 50/50 MP: 4/4
  2079 | D:3      | Found a blossoming altar of Fedhas.
  2267 | D:4      | Noticed Sigmund
  2273 | D:4      | Killed Sigmund
  2274 | D:4      | Reached skill level 6 in Unarmed Combat
  2274 | D:4      | Reached XP level 6. HP: 44/59 MP: 5/5
  2316 | D:4      | Reached skill level 7 in Unarmed Combat
  2447 | D:4      | Got an ichor-stained robe
  2458 | D:4      | Identified the +2 robe of Vehumet's Benevolence {Str+9}
                  | (You found it on level 4 of the Dungeon)
  2959 | D:4      | Reached skill level 8 in Unarmed Combat
  2959 | D:4      | Reached XP level 7. HP: 62/66 MP: 6/6
  2971 | D:4      | Found a staircase to the Ecumenical Temple.
  3077 | Temple   | Entered the Ecumenical Temple
  3097 | D:5      | Entered Level 5 of the Dungeon
  3261 | D:5      | HP: 3/66 [centaur/arrow (7)]
  3362 | D:5      | Noticed Edmund
  3380 | D:5      | Killed Edmund
  3381 | D:5      | Reached skill level 1 in Throwing
  3381 | D:5      | Reached skill level 1 in Shields
  3751 | D:5      | Reached XP level 8. HP: 61/75 MP: 7/7
  4498 | D:6      | HP: 3/78 [kobold/+0 dagger (6)]
  4508 | D:6      | HP: 2/78 [kobold/+0 short sword (8)]
  4515 | D:6      | Slain by a kobold

Illustrated notes

Levels and vault maps discovered:
D:1:      wheals_arrival_shading, layout_basic, minmay_misc_feat_four_crosses
D:2:      layout_rooms, lemuel_round_altar, gammafunk_temple_overflow_elements
D:3:      layout_loops_corners, nicolae_overflow_crystal_walls,
          lemuel_crystal_altar, minivault_24, kennysheep_generic_room_10
D:4:      layout_gridville, minmay_temple_entry_butterflies, uniq_sigmund
D:5:      layout_basic, gup_sewer_entry_spiral, kb_lookout_dungeons_type,
          kennysheep_diamond, st_stairs_2, amcnicky_mini_corridor_feature,
          uniq_edmund
D:6:      layout_cave_pods, nicolae_overflow_hidden_temple, serial_shops,
          shop_fountains, nicolae_shop_overgrown_old_shop,
          kennysheep_little_box, hex_large
Temple:   eino_temple_rhombus

Skill      XL: |  1  2  3  4  5  6  7  8 |
---------------+-------------------------+-----
Unarmed Combat | 4 5 6 8 |  8.0
Fighting       | 3 4 |  4.0
Throwing       | 1 3 |  3.3
Shields        | 2 3 |  3.1
Dodging        | 3 4 |  4.0
Stealth        | |  1.0

Action                   |  1- 3 |  4- 6 |  7- 9 || total
-------------------------+-------+-------+-------++-------
Melee: Unarmed           |    97 |    78 |   134 ||   309
       Punch             |       |     2 |     5 ||     7
  Use: Scroll            |       |     3 |     5 ||     8
 Stab: Sleeping          |     4 |     1 |     6 ||    11
       Distracted        |       |       |     1 ||     1
Armor: Robe              |    44 |    18 |    36 ||    98
Dodge: Dodged            |    49 |    34 |    76 ||   159
